 Dungeon Crawl Stone Soup version 0.21.1-1-g345015f (webtiles) character file.

4184 vatarom the Basher (level 10, 0/121 HPs)
             Began as a Gnoll Chaos Knight on May 26, 2018.
             Slain by a hornet (6 damage)
             ... on level 8 of the Dungeon.
             The game lasted 00:15:02 (7119 turns).

vatarom the Basher (Gnoll Chaos Knight)             Turns: 7119, Time: 00:15:02

Health: 0/121      AC: 25    Str: 19    XL:     10   Next: 29%
Magic:  17/17      EV:  2    Int: 16    God:    Xom [*.....]
Gold:   365        SH:  4    Dex: 16    Spells: 19/19 levels left

rFire    . . .     SeeInvis .   b - +4 quarterstaff (chaos)
rCold    . . .     Gourm    .   (shield currently unavailable)
rNeg     + + +     Faith    .   (armour currently unavailable)
rPois    +         Spirit   .   (helmet currently unavailable)
rElec    .         Reflect  +   (cloak currently unavailable)
rCorr    +         Harm     .   (gloves currently unavailable)
MR       .....     NoTele   +   (boots currently unavailable)
Stlth    +++.......             g - +4 amulet of reflection
HPRegen  0.30/turn              E - ring of resist corrosion
MPRegen  0.15/turn              s - +4 ring of strength

@: lethally poisoned (0 -> -2), tree-form, studying Crossbows
A: distributed training, clever 1, weak 1, wild magic 2, strong nose
a: Renounce Religion


You were on level 8 of the Dungeon.
You worshipped Xom.
You were a special plaything of Xom.
You were not hungry.
You were a tree.
You visited 2 branches of the dungeon, and saw 9 of its levels.
You also visited: Sewer.

You collected 365 gold pieces.

Inventory:

Hand Weapons
 a - a +0 shortbow of freezing
 b - a +4 quarterstaff of chaos (weapon)
Missiles
 t - 46 arrows
 F - 2 tomahawks (quivered)
Armour
 n - a +3 leather armour (melded)
 p - a +0 cloak (melded)
Jewellery
 g - a +4 amulet of reflection (around neck)
 m - an uncursed ring of flight
 s - a +4 ring of strength (right branch)
 y - an uncursed ring of stealth
 E - a ring of resist corrosion (left branch)
Wands
 B - a wand of clouds (4)
 C - a wand of acid (7)
 D - a wand of paralysis (6)
Scrolls
 d - 2 scrolls of fog
 f - a scroll of immolation
 k - a scroll of teleportation
 l - a scroll of fear
 o - 2 scrolls of remove curse
 v - a scroll of enchant weapon
 w - a scroll of acquirement {unknown}
 A - a scroll of vulnerability {unknown}
Potions
 e - a potion of flight
 h - 2 potions of curing
 i - a potion of resistance
 j - a potion of agility
 q - a potion of lignification
 u - a potion of mutation {unknown}
 x - 2 potions of heal wounds {unknown}
 z - a potion of magic {unknown}
Books
 r - a manual of Crossbows
Comestibles
 c - 7 rations


   Skills:
 + Level 8.3 Fighting
 + Level 5.0 Short Blades
 + Level 5.0 Long Blades
 + Level 5.0 Axes
 + Level 8.3 Maces & Flails
 + Level 5.0 Polearms
 + Level 5.0 Staves
 + Level 5.0 Slings
 + Level 5.0 Bows
 + Level 6.9 Crossbows
 + Level 5.0 Throwing
 + Level 6.9 Armour
 + Level 5.7 Dodging
 + Level 5.0 Stealth
 + Level 5.0 Shields
 + Level 5.0 Unarmed Combat
 + Level 5.0 Spellcasting
 + Level 4.1 Conjurations
 + Level 4.1 Hexes
 + Level 4.1 Charms
 + Level 4.1 Summonings
 + Level 4.1 Necromancy
 + Level 4.1 Translocations
 + Level 4.1 Transmutations
 + Level 4.1 Fire Magic
 + Level 4.1 Ice Magic
 + Level 4.1 Air Magic
 + Level 4.1 Earth Magic
 + Level 4.1 Poison Magic
 + Level 5.5 Invocations
 + Level 5.0 Evocations


You had 19 spell levels left.
You didn't know any spells.

Dungeon Overview and Level Annotations

Branches:
Dungeon (8/15)             Temple (1/1) D:6
   Lair: D:8-11

Altars:
Ashenzari
Cheibriados
Dithmenos
Elyvilon
Fedhas
Gozag
Kikubaaqudgha
Makhleb
Nemelex Xobeh
Okawaru
Ru
Sif Muna
Trog
Uskayaw
Wu Jian
Xom
Yredelemnul
Zin

Shops:
D:8 %

Annotations:
D:3 Grinder


Innate Abilities, Weirdness & Mutations

Your experience applies equally to all skills.
((You have very sharp teeth.))
Your uncanny sense of smell can sniff out nearby items.
((You have sharp toenails.))
((You are partially covered in slimy green scales. (AC +2)))
Your mind is acute. (Int +2)
You are weak. (Str -2)
Your spells are harder to cast, but more powerful.


Message History

You feel yourself speed up. The hornet misses you. The hornet stings you!
* * * LOW HITPOINT WARNING * * *
You are poisoned.
You feel yourself slow down.
Unknown command.
You turn into a tree.
Your +0 cloak melds into your body.
Your +3 leather armour melds into your body.
Your roots penetrate the ground.
You feel sick. You block the hornet's attack. The hornet stings you!
* * * LOW HITPOINT WARNING * * *
Unknown command.
You hit the hornet.
The hornet is heavily wounded.
You feel yourself speed up.
You feel sick. The hornet barely misses you.
The hornet stings you but does no damage.
The hornet stings you.
You die...
Xom roars with laughter!

#.......#....#..##.#
#.......+....#.....#
..... #..<.'...#..
..... #....#.#.# .
...... #.####.#.#
...... ...####.#.#
....<............#
.........#####...#
#....... #..♣# #+#y#
$S. ..... .......
∩........
#......>...
#...[(......


You could see a hornet and an adder.

Vanquished Creatures
  The ghost of kae the Insei, a novice OpTm of Cheibriados (D:5)
  2 hornets (D:8)
  A hippogriff (D:7)
  Prince Ribbit (D:6)
  Sigmund (D:6)
  Duvessa (D:6)
  A water moccasin (D:8)
  A water moccasin (shapeshifter) (D:7)
  4 phantoms
  2 sky beasts (D:7)
  An orc warrior (D:4)
  A boggart (D:7)
  A necrophage (D:7)
  3 ogres
  A centaur (D:5)
  A big kobold (D:8)
  2 bullfrogs
  A gnoll sergeant (D:8)
  Dowan (D:6)
  A scorpion (D:5)
  7 killer bees
  A howler monkey (D:4)
  3 crimson imps
  A bullfrog skeleton (D:8)
  3 orc priests (D:7)
  Crazy Yiuf (D:3)
  2 hounds (D:7)
  5 orc wizards
  2 worker ants
  A hound zombie (D:7)
  2 hound skeletons
  7 gnolls
  11 adders
  2 river rats
  A shadow imp (D:5)
  2 oozes
  An adder zombie (D:8)
  4 worms
  A dart slug (D:2)
  5 leopard geckos
  22 orcs
  8 bats
  12 giant cockroaches
  6 goblins
  9 hobgoblins
  17 jackals
  11 kobolds
  3 quokkas
  8 ball pythons
  8 frilled lizards
  A quokka skeleton (D:5)
  7 rats
202 creatures vanquished.

Vanquished Creatures (others)
  A quokka (D:4)
  A ball python (D:4)
2 creatures vanquished.

Grand Total: 204 creatures vanquished

Notes
Turn   | Place    | Note
-------+----------+-------------------------------------------
     0 | D:1      | vatarom the Gnoll Chaos Knight began the quest for the Orb.
     0 | D:1      | Reached XP level 1. HP: 23/23 MP: 1/1
   231 | D:1      | Reached XP level 2. HP: 26/29 MP: 2/2
   690 | D:1      | Reached XP level 3. HP: 31/35 MP: 3/3
   808 | D:2      | XOM: silly message
  1032 | D:2      | Reached skill level 1 in Invocations
  1056 | D:2      | Found a shattered altar of Ashenzari.
  1130 | D:2      | XOM: 2-stop teleportation journey
  1133 | D:2      | Reached skill level 1 in Short Blades
  1133 | D:2      | Reached skill level 1 in Long Blades
  1133 | D:2      | Reached skill level 1 in Axes
  1133 | D:2      | Reached skill level 1 in Polearms
  1133 | D:2      | Reached skill level 1 in Staves
  1133 | D:2      | Reached skill level 1 in Slings
  1133 | D:2      | Reached skill level 1 in Bows
  1133 | D:2      | Reached skill level 1 in Crossbows
  1133 | D:2      | Reached skill level 1 in Throwing
  1133 | D:2      | Reached skill level 1 in Stealth
  1133 | D:2      | Reached skill level 1 in Shields
  1133 | D:2      | Reached skill level 1 in Unarmed Combat
  1133 | D:2      | Reached skill level 1 in Spellcasting
  1133 | D:2      | Reached skill level 1 in Evocations
  1281 | D:2      | Reached XP level 4. HP: 41/41 MP: 5/5
  1324 | D:2      | XOM: cloud trail
  1409 | D:2      | XOM: harmless Air miscast
  1477 | D:2      | Found an ornate altar of the Wu Jian Council.
  1636 | D:3      | XOM: potion effect (berserk rage)
  1646 | D:3      | Found a snail-covered altar of Cheibriados.
  1666 | D:3      | XOM: harmless Pois miscast
  1666 | D:3      | HP: 2/41 [orc/flail of crushing (1)]
  1896 | D:2      | XOM: give mutation
  1896 | D:2      | Gained mutation: You are dopey. (Int -2) [Xom's mischief]
  1975 | D:3      | Reached skill level 1 in Conjurations
  1975 | D:3      | Reached skill level 1 in Hexes
  1975 | D:3      | Reached skill level 1 in Charms
  1975 | D:3      | Reached skill level 1 in Summonings
  1975 | D:3      | Reached skill level 1 in Necromancy
  1975 | D:3      | Reached skill level 1 in Translocations
  1975 | D:3      | Reached skill level 1 in Transmutations
  1975 | D:3      | Reached skill level 1 in Fire Magic
  1975 | D:3      | Reached skill level 1 in Ice Magic
  1975 | D:3      | Reached skill level 1 in Air Magic
  1975 | D:3      | Reached skill level 1 in Earth Magic
  1975 | D:3      | Reached skill level 1 in Poison Magic
  1990 | D:3      | Found a runed door.
  2022 | D:3      | Noticed Crazy Yiuf
  2027 | D:3      | XOM: give mutation
  2027 | D:3      | Gained mutation: You expend magic power (3 MP) to strengthen your wands. [Xom's mischief]
  2066 | D:3      | Killed Crazy Yiuf
  2066 | D:3      | Reached XP level 5. HP: 21/47 MP: 4/6
  2176 | D:3      | XOM: give mutations
  2176 | D:3      | Lost mutation: You expend magic power (3 MP) to strengthen your wands. [Xom's mischief]
  2176 | D:3      | Gained mutation: You are weak. (Str -2) [Xom's mischief]
  2176 | D:3      | Lost mutation: You are dopey. (Int -2) [Xom's mischief]
  2182 | D:3      | XOM: noise
  2247 | D:3      | Noticed Grinder
  2250 | D:3      | Paralysed by Grinder for 6 turns
  2253 | D:3      | Noticed Grinder
  2253 | D:3      | Grinder changed into Grinder the hellion
  2253 | D:3      | XOM: polymorph Grinder -> Grinder the hellion
  2254 | D:3      | XOM: enchant monster (good)
  2414 | D:2      | XOM: divination: detect creatures
  2541 | D:4      | Found a white marble altar of Elyvilon.
  2573 | D:4      | XOM: mild Necr miscast
  2643 | D:4      | Noticed a phantom
  2653 | D:4      | XOM: summons friendly white imp
  2654 | D:4      | XOM: polymorph white imp -> ufetubus
  2660 | D:4      | Killed a phantom
  2660 | D:4      | Reached XP level 6. HP: 34/53 MP: 8/8
  2724 | D:4      | Noticed an orc warrior
  2736 | D:4      | Killed an orc warrior
  2736 | D:4      | Reached skill level 5 in Armour
  2823 | D:4      | Noticed a phantom
  2823 | D:4      | XOM: divination: detect creatures
  2839 | D:4      | XOM: summons 1 hostile shadow creature
  2851 | D:4      | XOM: enchant monster (good)
  2982 | D:4      | XOM: 2-stop teleportation journey
  3171 | D:4      | Found a glowing drain.
  3236 | Sewer    | Entered a sewer
  3270 | Sewer    | XOM: mild Necr miscast
  3371 | Sewer    | XOM: give mutations
  3371 | Sewer    | Gained mutation: You are partially covered in slimy green scales. (AC +2) [Xom's grace]
  3371 | Sewer    | Gained mutation: You have sharp toenails. [Xom's grace]
  3371 | Sewer    | Gained mutation: Your mind is acute. (Int +2) [Xom's grace]
  3740 | D:4      | Reached XP level 7. HP: 48/58 MP: 10/10
  3925 | D:4      | XOM: give mutation
  3925 | D:4      | Gained mutation: Your spells are a little harder to cast, but a little more powerful. [Xom's grace]
  3926 | D:4      | XOM: give mutation
  3926 | D:4      | Gained mutation: Your spells are harder to cast, but more powerful. [Xom's grace]
  4075 | D:5      | Entered Level 5 of the Dungeon
  4212 | D:5      | Noticed kae's ghost (novice OpTm)
  4218 | D:5      | XOM: scenery: create altars
  4228 | D:5      | Killed kae's ghost
  4228 | D:5      | Reached XP level 8. HP: 50/66 MP: 12/12
  4397 | D:5      | XOM: summons 3 friendly demons
  4641 | D:5      | XOM: summons 4 hostile demons
  4733 | D:5      | XOM: medium Hex miscast
  4871 | D:6      | Found an opulent altar of Gozag.
  4878 | D:6      | Noticed Duvessa
  4892 | D:6      | Killed Duvessa
  4912 | D:6      | Noticed Dowan
  4916 | D:6      | XOM: cleaving
  4917 | D:6      | Killed Dowan
  4936 | D:6      | Found a staircase to the Ecumenical Temple.
  4961 | Temple   | Entered the Ecumenical Temple
  5084 | D:6      | Noticed Prince Ribbit
  5096 | D:6      | Killed Prince Ribbit
  5107 | D:6      | XOM: divination: magic mapping
  5297 | D:6      | XOM: medium Ice miscast
  5308 | D:6      | Reached XP level 9. HP: 53/71 MP: 14/14
  5342 | D:6      | Noticed Sigmund
  5356 | D:6      | Killed Sigmund
  5356 | D:6      | Reached skill level 5 in Crossbows
  5464 | D:6      | XOM: divination: detect creatures
  5956 | D:7      | XOM: harmless Necr miscast
  5971 | D:7      | XOM: noise
  5973 | D:7      | Reached skill level 5 in Dodging
  5985 | D:7      | XOM: summons 2 friendly demons
  5989 | D:7      | XOM: divination: detect items
  6124 | D:7      | XOM: cloud trail
  6377 | D:7      | Found a bloodstained altar of Trog.
  6400 | D:7      | Reached skill level 5 in Invocations
  6474 | D:7      | XOM: polymorph ogre -> water moccasin
  6655 | D:8      | XOM: summons friendly crimson imp
  6665 | D:8      | Reached XP level 10. HP: 58/79 MP: 15/17
  6677 | D:8      | Found a glowing silver altar of Zin.
  6685 | D:8      | Paralysed by a hornet for 3 turns
  6917 | D:8      | XOM: harmless Chrm miscast
  6918 | D:8      | XOM: polymorph orc -> river rat
  6931 | D:8      | Reached skill level 5 in Short Blades
  6931 | D:8      | Reached skill level 5 in Long Blades
  6931 | D:8      | Reached skill level 5 in Axes
  6931 | D:8      | Reached skill level 5 in Polearms
  6931 | D:8      | Reached skill level 5 in Staves
  6931 | D:8      | Reached skill level 5 in Slings
  6931 | D:8      | Reached skill level 5 in Bows
  6931 | D:8      | Reached skill level 5 in Throwing
  6931 | D:8      | Reached skill level 5 in Stealth
  6931 | D:8      | Reached skill level 5 in Shields
  6931 | D:8      | Reached skill level 5 in Unarmed Combat
  6931 | D:8      | Reached skill level 5 in Spellcasting
  6931 | D:8      | Reached skill level 5 in Evocations
  6981 | D:8      | Paralysed by a hornet for 2 turns
  7103 | D:8      | Found Cize's Food Boutique.
  7113 | D:8      | Paralysed by a hornet for 1 turns
  7116 | D:8      | XOM: harmless Summ miscast
  7118 | D:8      | HP: 6/121 [hornet (9)]
  7119 | D:8      | Slain by a hornet

Skill      XL: |  1  2  3  4  5  6  7  8  9 10 |
---------------+-------------------------------+-----
Invocations    | 1 2 3 4 5 |  5.5
Short Blades   | 1 2 3 4 5 |  5.0
Long Blades    | 1 2 3 4 5 |  5.0
Axes           | 1 2 3 4 5 |  5.0
Polearms       | 1 2 3 4 5 |  5.0
Staves         | 1 2 3 4 5 |  5.0
Slings         | 1 2 3 4 5 |  5.0
Bows           | 1 2 3 4 5 |  5.0
Crossbows      | 1 2 3 4 6 |  6.9
Throwing       | 1 2 3 4 5 |  5.0
Stealth        | 1 2 3 4 5 |  5.0
Shields        | 1 2 3 4 5 |  5.0
Unarmed Combat | 1 2 3 4 5 |  5.0
Spellcasting   | 1 2 3 4 5 |  5.0
Evocations     | 1 2 3 4 5 |  5.0
Conjurations   | 1 2 3 4 |  4.1
Hexes          | 1 2 3 4 |  4.1
Charms         | 1 2 3 4 |  4.1
Summonings     | 1 2 3 4 |  4.1
Necromancy     | 1 2 3 4 |  4.1
Translocations | 1 2 3 4 |  4.1
Transmutations | 1 2 3 4 |  4.1
Fire Magic     | 1 2 3 4 |  4.1
Ice Magic      | 1 2 3 4 |  4.1
Air Magic      | 1 2 3 4 |  4.1
Earth Magic    | 1 2 3 4 |  4.1
Poison Magic   | 1 2 3 4 |  4.1
Dodging        | 3 4 5 |  5.7
Armour         | 5 6 |  6.9
Fighting       | 7 8 |  8.3
Maces & Flails | 7 8 |  8.3

Action                   |  1- 3 |  4- 6 |  7- 9 | 10-12 || total
-------------------------+-------+-------+-------+-------++-------
Melee: Mace              |   111 |    61 |       |       ||   172
       Bite              |    11 |    13 |    27 |     4 ||    55
       Quarterstaff      |       |    99 |   206 |    52 ||   357
       Kick              |       |     4 |    53 |    19 ||    76
 Fire: Shortbow          |       |       |    91 |    20 ||   111
  Use: Potion            |       |     4 |       |     3 ||     7
       Scroll            |       |     6 |     6 |       ||    12
 Stab: Petrified         |    10 |     1 |       |       ||    11
       Sleeping          |     1 |     2 |     1 |       ||     4
       Distracted        |     1 |     1 |       |       ||     2
       Invisible         |       |     1 |       |       ||     1
       Petrifying        |       |     1 |       |       ||     1
       Paralysed         |       |       |     1 |       ||     1
  Eat: Chunk             |     1 |     5 |     4 |       ||    10
       Ration            |       |     1 |     3 |       ||     4
Armor: Leather armour    |    31 |    42 |    97 |    15 ||   185
       Skin              |       |       |       |     1 ||     1
Dodge: Dodged            |    53 |    88 |   189 |    46 ||   376
Block: Buckler           |    15 |    20 |       |       ||    35
       Other             |       |    13 |    41 |    12 ||    66
       Reflection        |       |       |       |     2 ||     2
